 Dungeon Crawl Stone Soup version 0.28-a0-792-g75f770b44e (webtiles) character file.

Game seed: 6817643085364452614

161 Norrang the Insei (level 5, -6/33 HPs)
             Began as an Octopode Transmuter on Nov 3, 2021.
             Mangled by Grinder (7 damage)
             ... on level 4 of the Dungeon.
             The game lasted 00:19:50 (3943 turns).

Norrang the Insei (Octopode Transmuter)             Turns: 3943, Time: 00:19:51

Health: -6/33      AC:  1    Str: 10    XL:     5   Next: 42%
Magic:  7/8        EV: 13    Int: 15    God:
Gold:   276        SH:  0    Dex: 13    Spells: 3/9 levels left

rFire   . . .      SeeInvis .     - Unarmed
rCold   . . .      Faith    .   (no shield)
rNeg    . . .      Spirit   .   (helmet currently unavailable)
rPois   .          Reflect  .   (no amulet)
rElec   .          Harm     .   (no ring)
rCorr   .          Rampage  .   (no ring)
Will    .....                   (no ring)
Stlth   +++.......              (no ring)
HPRegen 0.11/turn               (no ring)
MPRegen 0.11/turn               (no ring)
                                (no ring)
                                (no ring)

@: appendages
A: tentacle spike 3, almost no armour, amphibious, 8 rings, camouflage 1,
gelatinous body 1, (nimble swimmer 1), tentacles
a: End Transformation


You were on level 4 of the Dungeon.
One of your tentacles had grown a beastly spike.
You visited 1 branch of the dungeon, and saw 4 of its levels.

You collected 276 gold pieces.

Inventory:

Hand Weapons
 j - a +1 dagger of venom
 l - a +2 quarterstaff of chaos
Armour
 m - a +0 cloak
Jewellery
 c - a ring of magical power
Scrolls
 a - 2 scrolls of fog
 b - a scroll of silence {unknown}
 e - a scroll of enchant weapon
 g - a scroll of holy word
Potions
 d - 2 potions of curing {unknown}
 f - a potion of mutation
 h - a potion of heal wounds {unknown}


   Skills:
 - Level 1.0 Fighting
 + Level 2.1 Dodging
 * Level 2.9 Stealth
 * Level 4.4 Unarmed Combat
 + Level 2.5 Spellcasting
 * Level 3.1 Transmutations


You had 3 spell levels left.
You knew the following spells:

 Your Spells              Type           Power      Damage    Failure   Level
a - Beastly Appendage     Tmut           22%        N/A       6%          1
b - Wereblood             Tmut           11%        N/A       9%          2
c - Spider Form           Tmut/Pois      6%         N/A       32%         3

Your spell library contained the following spells:

 Spells                   Type           Power      Damage    Failure   Level
 Corpse Rot               Necr/Air       2%         N/A       32%         2
 Ice Form                 Ice/Tmut       6%         N/A       73%         4
 Dispel Undead            Necr           1%         3d6       91%         4
 Death Channel            Necr           0%         N/A       100%        6


Dungeon Overview and Level Annotations

Branches:
Dungeon (4/15)
 Temple: D:4-7

Altars:
Uskayaw

Shops:
D:1 (

Annotations:
D:3 Sigmund
D:4 Grinder


Innate Abilities, Weirdness & Mutations

One of your tentacles has grown a beastly spike.
You cannot wear most types of armour.
You are amphibious.
You can wear up to eight rings at the same time.
Your skin changes colour to match your surroundings (Stealth+).
Your rubbery body absorbs attacks. (AC +1, EV +1)
((You are camouflaged near water. (Stealth+)))
You have tentacles for arms and can constrict up to eight enemies at once.


Message History

You suddenly lose the ability to move!
Grinder gestures at you.
You shrug off the repeated paralysis!
The goblin hits you with a +0 dagger.
Grinder blinks!
The goblin completely misses you.
The goblin hits you with a +0 dagger. x2
Grinder gestures at you. Pain shoots through your body!
The goblin hits you with a +0 dagger. Grinder gestures at you.
You shrug off the repeated paralysis!
You can move again.
You closely miss the goblin. You grab the goblin. You constrict the goblin.
The goblin hits you with a +0 dagger.
Grinder blinks!
You bludgeon the goblin!
You kill the goblin!
Your tentacle spike disappears.
Grinder blinks!
Casting: Beastly Appendage (safe; 6% risk of failure)
Press: ? - help, Q - select action, (/) - cycle Dir - look around, f - activate One of your tentacles grows a vicious spike.
Grinder hits you!
You closely miss Grinder. You grab Grinder.
Grinder is moderately wounded.
You constrict Grinder. Grinder hits you.
You writhe in agony.
* * * LOW HITPOINT WARNING * * *
You tentacle-slap Grinder.
Grinder is heavily wounded.
You constrict Grinder. Grinder gestures at you.
You barely resist. You tentacle-slap Grinder.
Grinder is severely wounded.
You constrict Grinder. Grinder hits you.
* * * LOW HITPOINT WARNING * * *
You writhe in agony.
* * * LOW HITPOINT WARNING * * *
It was a potion of mutation.
You feel extremely strange.
You constrict Grinder. Grinder hits you!
You die...

#.....##..(.....#
......##........#
#....##........#
#..............# #.....<..
##..............#.#........
+...............#.#........
####.).........#.#........
#.......5##'#..#.#........
#....##..@#.#..#.#......(.
#######...#.#..#.#........
......#.#.)#.#........
###....#.#.†..#.#....##
#..###.#...........+. #..#
#.#....#....÷.## #..#
#.#.##.#......'. #..#
#.##.#......##
#.##.#..###...


You could see Grinder.

Vanquished Creatures
  A howler monkey (D:4)
  Crazy Yiuf (D:2)
  Natasha (D:4)
  An adder (D:3)
  2 dart slugs (D:1)
  3 ball pythons
  7 bats
  2 endoplasms
  4 giant cockroaches
  3 goblins
  11 hobgoblins
  3 jackals (D:2)
  8 kobolds
  A quokka (D:2)
  3 frilled lizards
  A jackal skeleton (D:4)
  7 rats
59 creatures vanquished.

Vanquished Creatures (others)
  A fungus (D:1)
  A plant (D:1)
2 creatures vanquished.

Grand Total: 61 creatures vanquished

Notes
Turn   | Place    | Note
-------+----------+-------------------------------------------
     0 | D:1      | Norrang the Octopode Transmuter began the quest for the
                  | Orb.
     0 | D:1      | Reached XP level 1. HP: 13/13 MP: 3/3
   105 | D:1      | Found a faded altar of an unknown god.
   114 | D:1      | Reached XP level 2. HP: 4/18 MP: 3/5
   340 | D:1      | Learned a level 2 spell: Wereblood
   345 | D:1      | Found Gisyepuf's Antique Weapon Shoppe.
   449 | D:1      | Reached skill level 1 in Stealth
   705 | D:1      | Reached XP level 3. HP: 23/23 MP: 4/6
  1084 | D:1      | Learned a level 3 spell: Spider Form
  1787 | D:2      | Found a runed translucent door.
  1788 | D:2      | Noticed Crazy Yiuf
  2266 | D:2      | Killed Crazy Yiuf
  2267 | D:2      | Reached XP level 4. HP: 15/28 MP: 3/7
  2614 | D:3      | Reached skill level 4 in Unarmed Combat
  2841 | D:3      | Found a hide-covered altar of Uskayaw.
  2903 | D:3      | Noticed Sigmund
  3615 | D:4      | Noticed Natasha
  3626 | D:4      | Killed Natasha
  3627 | D:4      | Reached XP level 5. HP: 33/33 MP: 4/8
  3915 | D:4      | Noticed Grinder
  3926 | D:4      | Paralysed by Grinder for 7 turns
  3942 | D:4      | HP: 1/33 [Grinder (2)]
  3943 | D:4      | Mangled by Grinder

Illustrated notes

Levels and vault maps discovered:
D:1:      giann_wishing_wells, layout_loops_ring, serial_shops, shop_coins,
          shapermc_ecumenical_altar_gd
D:2:      layout_loops_corners, uniq_crazy_yiuf_cottage
D:3:      layout_basic, mainiacjoe_overflow_alcove_2, uniq_sigmund
D:4:      layout_basic, xom_butterflies, nicolae_overflow_crystal_walls,
          mainiacjoe_overflow_brackets, minmay_temple_entry_fiery, uniq_grinder,
          uniq_natasha

Skill      XL: |  1  2  3  4  5 |
---------------+----------------+-----
Stealth        | 1 2 |  2.9
Unarmed Combat | 4 |  4.4
Transmutations | 3 |  3.1
Fighting       | |  1.0
Dodging        | |  2.1
Spellcasting   | |  2.5

Action                   |  1- 3 |  4- 6 || total
-------------------------+-------+-------++-------
Melee: Unarmed           |   105 |    46 ||   151
       Constrict         |    29 |    13 ||    42
       Kick              |    19 |    10 ||    29
       Tentacles         |    10 |     8 ||    18
       Punch             |     2 |       ||     2
 Cast: Beastly Appendage |    30 |    12 ||    42
       Wereblood         |     2 |     3 ||     5
  Use: Scroll            |       |     9 ||     9
       Potion            |       |     1 ||     1
 Stab: Sleeping          |     7 |     1 ||     8
Armor: Skin              |     7 |     2 ||     9
Dodge: Dodged            |    55 |    23 ||    78

Table legend: (Time is in decaauts)
 A = Elapsed time spent in this place.
 B = Non-inter-level travel time spent in this place.
 C = Inter-level travel time spent in this place.
 D = Time resting spent in this place.
 E = Time spent auto-exploring this place.
 F = Levels seen in this place.
 G = Mean time per level.
                   A        B        C        D        E       F      G
               +--------+--------+--------+--------+--------+-----+--------+
         Total |   3931 |   3908 |     23 |    999 |   2191 |   4 |  982.8 |
       Dungeon |   3931 |   3908 |     23 |    999 |   2191 |   4 |  982.8 |
               +--------+--------+--------+--------+--------+-----+--------+

Top non-repeatable levels by time:
     D:2: 1431 daAuts
     D:1: 1094 daAuts
     D:3: 902 daAuts
     D:4: 502 daAuts
